Croesus, chaotic female elven Ranger ----------------------- ----.--- |.-..|..|..-....-..|..| |[.....| |.|).|..|..|....|..|..| |..|...| --------- -------- |.----|-----....----|--+--.--...|#####........| |.......#########|...............................|# |.......| |....>.| #..-.-----+--..........|.--|--...|#####-...<...| |......- @ # |.|..|..| |......{|).I.|...|...|# |I......| ------.- |.|..|..| |.......|..I.|.%%|...|# #........| ## |.-.--|-----.......|..[)|%%%|...|# ##I--------- # |.............{....|..).|%%%|I.I|# # ### |.-.-----+-------.----------|..I|### # |..........|....-.| |((..|.I.|# #### +.-....|...|....|.+ |((I.-..I|# ---.-----. |.|....|...|..((|.| |(I(.|...|# |........| |.-.-------------.-----------...|# |........| |...............$................# |........| ---------------------------------# -----.---- ########d@Y########## Croesus the Trailblazer Experience level: 6 Strength: 16 Dexterity: 11 Constitution: 16 Intelligence: 15 Wisdom: 16 Charisma: 7 Health: 0(50) Energy: 50(50) Def: 17 Gold: 276 Moves: 6583 Dungeon seed: Zb4ndwRZtFUZ89ZS Game ID: Croesus_1605383735 Your Inventory: Amulets C - an uncursed amulet of unchanging Weapons c - 53 uncursed +2 elven arrows d - an uncursed +0 spear e - an uncursed +1 elven bow (alternate weapon; not wielded) f - an uncursed +0 orcish dagger of frost (weapon in hand) t - an uncursed +1 elven dagger v - an uncursed +0 elven dagger I - a blessed +1 dagger N - 38 uncursed +0 elven arrows (in quiver) R - 10 uncursed +0 arrows S - 3 uncursed +0 knives U - an uncursed +0 axe Armor a - an uncursed +0 leather cloak b - an uncursed +2 elven cloak (being worn) n - an uncursed +0 mummy wrapping r - an uncursed +0 dwarvish roundshield (being worn) J - an uncursed +0 dwarvish mithril-coat (being worn) K - an uncursed +0 dwarvish iron helm of carrying (being worn) V - an uncursed +0 pair of low boots Y - an uncursed +0 cloak of magic resistance Comestibles s - an uncursed female lizard corpse L - an uncursed lembas wafer Scrolls k - 2 uncursed scrolls of blank paper l - a blessed scroll of blank paper y - an uncursed scroll of remove curse z - a cursed scroll of light Q - a blessed scroll of remove curse Potions o - a cursed potion of object detection Z - a blessed potion of healing Rings g - a cursed ring of hunger h - an uncursed -1 ring of adornment Wands X - an uncursed wand of sleep (0:2) Tools i - an uncursed tinning kit (0:71) m - an uncursed oil lamp (0:1069) q - an uncursed oil lamp (0:1162) w - an uncursed tin whistle H - an uncursed towel Coins $ - 276 gold pieces Spells and supernatural/magical abilities: Name Level Category Cost Memory o - cone of cold 4 attack 4000pw 97% y - astral eyesight 7 divination 7000pw 99% S - stone to flesh 3 healing 3000pw 97% W - pray for help -- divine ? -- Your skills at the end: Fighting Skills wands [Basic] Weapon Skills dagger [Skilled] bow [Basic] Spellcasting Skills Final Attributes: You were piously aligned. You were immune to sleep. You saw invisible. You had automatic searching. You had infravision. You were stealthy. You were held by an owlbear. You were protected. You last prayed 305 turns ago. Mars was slightly pleased with you. You are dead. Vanquished creatures: a large mimic a small mimic a quivering blob 3 leprechauns a lizard a dwarf lord a gnome mummy a bugbear a wood nymph a mountain nymph 4 Mordor orcs a fog cloud a shrieker 6 gnome lords 3 gnomish wizards a ghoul 2 paper golems a giant ant 2 little dogs 2 kittens 8 dwarves a kobold lord a rothe 2 giant bats 2 dwarf zombies 2 iguanas 2 acid blobs a coyote a gas spore 4 hobbits a large kobold a hobgoblin 2 cave spiders a brown mold 2 yellow molds a green mold 27 gnomes 3 garter snakes 4 geckos 6 jackals 6 foxes a kobold 6 goblins 3 sewer rats 7 grid bugs 5 bats 7 lichens 3 kobold zombies 5 newts 150 creatures vanquished. Voluntary challenges: You had been an atheist until turn 3371. You used a wielded weapon 110 times, starting on turn 1716. You read items or engraved 57 times, starting on turn 4368. You never genocided any monsters. You never polymorphed an object. You never changed form. You used no wishes. You never split a pudding. You wrote Elbereth's name 1 time, starting on turn 4368. You never violated your personal moral code. Dungeon overview: The Dungeons of Doom: levels 1 to 5 Level 1 a fountain, a sink, a vault a long staircase Level 2 a general store, a sink, a vault Level 3 a general store, a fountain, a vault Level 4 an armor shop, some fountains stairs to The Gnomish Mines Level 5 The Gnomish Mines: levels 5 to 9 Level 5 stairs to The Dungeons of Doom Level 6 Level 7 Level 8 <- You were here some shops, a temple to Mars, some fountains Level 9 History has recorded: On T:1 you entered the Dungeons of Doom to retrieve the Amulet of Yendor! On T:97 you reached level 2 of The Dungeons of Doom. On T:692 you reached level 3 of The Dungeons of Doom. On T:1356 you reached level 4 of The Dungeons of Doom. On T:1622 you reached level 5 of The Dungeons of Doom. On T:2181 you reached level 1 of The Gnomish Mines. On T:2766 you reached level 2 of The Gnomish Mines. On T:2987 you reached level 3 of The Gnomish Mines. On T:3289 you reached level 4 of The Gnomish Mines. On T:3983 you advanced to experience level 2. On T:4046 you advanced to experience level 3. On T:4558 you advanced to experience level 4. On T:5255 you advanced to experience level 5. On T:6077 you reached level 5 of The Gnomish Mines. On T:6160 you advanced to experience level 6. Score breakdown: Gold: 276 ( 8308 points) Experience: 6 levels (12456 points) Exploration: 9 levels ( 18.37%) (12247 points) Discoveries: 16 items ( 5.42%) ( 6986 points) Valuables value: (no points given unless you survive) Artifact value: 0 ( 0 points) Variety of kills: 49 monsters ( 12.89%) (10772 points) Turncount: 6583 turns (-1760 points) Survival: died (score multiplied by 80%) Total score: 39207 Latest messages: The weapon freezes the iguana! (2x) The iguana misses. The weapon freezes the iguana! You kill the iguana! You see here a male iguana corpse. Sirius eats a male iguana corpse. You displace Sirius. The weapon freezes the owlbear! The owlbear hits! (2x) The owlbear grabs you! You miss the owlbear. The owlbear hits! (2x) You are being crushed. The weapon freezes the owlbear! The owlbear hits! (2x) You are being crushed. You miss the owlbear. The owlbear hits! The owlbear just misses! You are being crushed. The sleep ray whizzes by the owlbear! The owlbear hits! You die... For some reason, you think that you can almost hear the Wizard laugh manically... Final status: Goodbye Croesus the Ranger, killed by an owlbear... You died in The Gnomish Mines on dungeon level 8 with 39207 points, and 276 pieces of gold, after 6583 moves. You were level 6 with a maximum of 50 hit points when you died.